 Dungeon Crawl Stone Soup version bcrawl-1.34.1 (webtiles) character file.

Game seed: 2571491821099647244

495293 Turgor the Gelid (level 15, -1/90 HPs)
             Began as a Fairy Ice Elementalist on Sept 9, 2021.
             Was the Champion of Sif Muna.
             Slain by an alligator (6 damage)
             ... on level 1 of the Swamp on Sept 10, 2021.
             The game lasted 04:33:24 (21789 turns).

Turgor the Gelid (Fairy Ice Elementalist)          Turns: 21789, Time: 04:33:25

Health: -1/90      AC: 15    Str:  7    XL:     15   Next: 62%
Magic:  25/36      EV: 23    Int: 22    God:    Sif Muna [******]
Gold:   1346       SH: 15    Dex: 15    Spells: 11/44 levels left

rFire    . . .     SeeInvis .   o - +5 dagger (speed)
rCold    . . .     Gourm    .   I - +0 buckler
rNeg     . . .     Faith    .   (armour unavailable)
rPois    +         Spirit   .   j - +2 hat
rElec    .         Reflect  .   d - +1 cloak
rCorr    .         Harm     .   M - +1 pair of gloves {archery}
MR       +....                  H - +0 pair of boots
Stlth    +.........             n - amulet of the acrobat
HPRegen  0.25/turn              F - ring of poison resistance
MPRegen  0.25/turn              u - ring of wizardry

@: flying evasively
A: small, magic attunement, unstealthy, unfitting armour, able to fly, AC/SH +8
a: Stop Flying, Divine Energy, Channel Magic, Forget Spell, Renounce Religion


You were on level 1 of the Swamp.
You worshipped Sif Muna.
Sif Muna was exalted by your worship.
You were not hungry.

You visited 5 branches of the dungeon, and saw 20 of its levels.
You also visited: Volcano.

You collected 2144 gold pieces.
You spent 798 gold pieces at shops.

Inventory:

Hand Weapons
 o - a +5 dagger of speed (weapon)
 y - a +1 rapier of flaming
 D - a +0 blowgun
 E - a +2 short sword of holy wrath
 K - a +0 demon trident of draining
Missiles
 C - 577 poisoned needles
 Z - 3 throwing nets (quivered) {=f}
Armour
 d - a +1 cloak (worn)
 j - a +2 hat (worn)
 H - a +0 pair of boots (worn)
 I - a +0 buckler (worn)
 J - a +2 medium shield
 M - a +1 pair of gloves of archery (worn)
Jewellery
 n - an amulet of the acrobat (around neck)
 t - a +7 ring of dexterity
 u - a ring of wizardry (right hand)
 F - a ring of poison resistance (left hand)
 T - an uncursed amulet of magic regeneration
 V - an uncursed ring of resist corrosion
Wands
 b - a wand of iceblast (15)
 r - a wand of clouds (5)
 z - a wand of digging (5)
 B - a wand of flame (15)
 Q - a wand of disintegration (8)
 U - a wand of acid (6)
Scrolls
 a - 4 scrolls of enchant armour
 g - 2 scrolls of magic mapping
 i - 2 scrolls of identify
 k - 4 scrolls of blinking
 m - 6 scrolls of immolation
 p - 6 scrolls of amnesia
 s - 4 scrolls of teleportation
 w - 7 scrolls of remove curse
 A - 4 scrolls of fog
 L - a scroll of vulnerability
 P - 4 scrolls of fear
 R - a scroll of brand weapon
 W - 2 scrolls of summoning
 X - 2 scrolls of enchant weapon
 Y - 2 scrolls of silence {unknown}
Potions
 c - 9 potions of heal wounds
 f - 2 potions of agility
 h - a potion of magic
 q - 4 potions of brilliance
 v - a potion of berserk rage
 x - 4 potions of lignification
 G - 6 potions of might
 N - 3 potions of curing
 O - a potion of haste
Comestibles
 e - 35 rations {!d}


   Skills:
 - Level 4.0 Fighting
 - Level 11.0 Dodging
 - Level 2.0 Stealth
 - Level 5.0 Shields
 + Level 15.0 Spellcasting
 + Level 15.2 Conjurations
 + Level 16.6 Ice Magic
 + Level 11.9 Air Magic


You had 11 spell levels left.
You knew the following spells:

 Your Spells              Type           Power        Failure   Level  Hunger
a - Freeze                Ice            ######       0%          1    None
b - Throw Frost           Conj/Ice       ######       0%          2    None
c - Ozocubu's Armour      Chrm/Ice       ######..     1%          3    None
d - Throw Icicle          Conj/Ice       ######..     1%          4    None
e - Sting                 Conj/Pois      ####         1%          1    None
f - Bolt of Cold          Conj/Ice       ######....   1%          6    None
g - Poisonous Vapours     Pois/Air       #####.       1%          2    None
h - Mephitic Cloud        Conj/Pois/Air  ######..     1%          3    None
i - Freezing Cloud        Ice/Air        ######....   1%          6    None
j - Lightning Bolt        Conj/Air       ######....   1%          5    None

Your spell library contained the following spells:

 Spells                   Type           Power        Failure   Level  Hunger
 Magic Dart               Conj           ####         0%          1    None
 Shock                    Conj/Air       #####        1%          1    None
 Searing Ray              Conj           ######..     1%          2    None
 Conjure Flame            Conj/Fire      ######..     1%          3    None
 Dazzling Orbs            Conj/Hex       ######.      1%          3    None
 Iskenderun's Mystic Bla  Conj           ######..     1%          3    None
 Static Discharge         Air            ######..     1%          3    None
 Stone Arrow              Conj/Erth      ######       1%          3    None
 Fulminant Prism          Conj/Hex       ######....   1%          4    None
 Ice Form                 Ice/Tmut       ######..     1%          4    None
 Sticky Flame             Conj/Fire      ######..     1%          4    None
 Summon Ice Beast         Ice/Summ       ######..     1%          4    None
 Conjure Ball Lightning   Conj/Air       ######....   1%          6    None
 Apportation              Tloc           ###...       3%          1    None
 Infusion                 Chrm           ###.....     3%          1    None
 Sandblast                Erth           ###...       3%          1    None
 Slow                     Hex            ###.....     3%          1    None
 Summon Butterflies       Summ           ###.....     3%          1    None
 Metabolic Englaciation   Hex/Ice        ######....   3%          5    None
 Bolt of Draining         Conj/Necr      ######....   4%          5    None
 Irradiate                Conj/Tmut      ######....   4%          5    None
 Venom Bolt               Conj/Pois      ######....   4%          5    None
 Call Imp                 Summ           ###...       5%          2    None
 Flaming Arrows           Chrm/Fire      ###.....     5%          2    None
 Passwall                 Tmut/Erth      ###.....     5%          2    None
 Orb of Destruction       Conj           ######....   6%          7    None
 Silence                  Hex/Air        #####.....   9%          5    None
 Summon Lightning Spire   Summ/Air       #####...     9%          5    None
 Confuse                  Hex            ###.....     11%         3    None
 Ignite Poison            Fire/Tmut/Pois ###.....     11%         3    None
 Inner Flame              Hex/Fire       N/A          11%         3    None
 Spider Form              Tmut/Pois      ###          11%         3    None
 Bolt of Magma            Conj/Fire/Erth #####.....   12%         5    None
 Iron Shot                Conj/Erth      ######....   24%         6    None
 Poison Arrow             Conj/Pois      ######....   24%         6    None
 Olgreb's Toxic Radiance  Pois           ###......    32%         4    None
 Petrify                  Tmut/Erth      ###.......   32%         4    None
 Summon Scorpions         Summ/Pois      ###.....     32%         4    None
 Yara's Violent Unravell  Hex/Tmut       ###.......   32%         4    None
 Deflect Missiles         Chrm/Air       #####.....   41%         6    None
 Chain Lightning          Conj/Air       ######....   61%         8    None
 Lee's Rapid Deconstruct  Erth           ###.......   65%         5    None
 Summon Mana Viper        Hex/Summ       ###.....     65%         5    None
 Mana Rupture             Conj/Hex       ######....   75%         7    None
 Spellforged Servitor     Conj/Summ      ######....   75%         7    None
 Summon Hydra             Summ           ###.......   99%         6    None
 Virulence                Hex/Pois       ###.....     100%        7    None
 Tornado                  Tloc/Air       #####.....   100%        8    None
 Shatter                  Erth           ###.......   100%        9    None


Dungeon Overview and Level Annotations

Branches:
Dungeon (11/12)            Temple (1/1) D:7            Lair (6/6) D:8
  Swamp (1/3) Lair:3       Spider (0/3) Lair:4        Slime (0/5) Lair:5
    Orc (1/1) D:10            Elf (0/3) Orc          Vaults (0/3) D:11

Altars:
Cheibriados
Dithmenos
Elyvilon
Fedhas
Gozag
Hepliaklqana
Kikubaaqudgha
Lugonu
Makhleb
Nemelex Xobeh
Okawaru
Ru
Sif Muna
Uskayaw
Wu Jian
Xom
Yredelemnul
Beogh
Jiyva

Shops:
D:4 ?   D:5 *   Orc *=*[(

Portals:
Abyss: Lair:1

Annotations:
Orc 2 runed doors, exclusion: orange crystal statue


Innate Abilities, Weirdness & Mutations

Your spells do not cause hunger and MP costs are reduced by 1.
Your bright wings attract enemies. (Stealth-)
You cannot fit into any form of body armour.
Your shimmering scales are hard and can block incoming attacks. (AC +8, SH +8)
You are small and have problems with some larger weapons.
You can fly continuously.


Message History

Confirm with . or Enter, or press ? or * to list all spells.
Aiming: Freeze (safe; 0% risk of failure)
Press: ? - help, Shift-Dir - straight line, f/p - cane toad
Aim: a cane toad (almost dead)
You freeze the cane toad!
You kill the cane toad!
Sif Muna accepts your kill. The alligator bites you!
The alligator tail-slaps you!
* * * LOW HITPOINT WARNING * * *
Casting: Freeze (safe; 0% risk of failure)
Confirm with . or Enter, or press ? or * to list all spells.
Aiming: Freeze (safe; 0% risk of failure)
Press: ? - help, Shift-Dir - straight line, f - alligator
Aim: an alligator (severely wounded, slow, covering ground quickly)
You freeze the alligator!
The alligator is almost dead.
The alligator bites you!
* * * LOW HITPOINT WARNING * * *
The alligator tail-slaps you.
You die...

.........≈≈≈≈≈
♣$≈.♣≈..≈§§≈≈≈
♣§..♣≈..§§§..≈
....≈≈≈§≈§.§♣
#...≈§≈≈..≈♣
#....≈≈≈≈♣♣
#.t....≈≈.
#?@†.."..≈
#.≈≈≈≈...≈
#.≈≈≈≈≈...
..♣.≈≈≈.≈≈ ..♣
♣≈≈≈≈≈≈ ..≈
≈≈≈≈≈. ....
.≈≈≈≈. ....≈
.≈≈≈≈.


You could see an alligator.

Vanquished Creatures
  Rupert (Lair:5)
  Jorgrun (D:11)
  Kirke (Lair:6)
  An orc warlord (Orc)
  Snorg (Orc)
  Urug (D:10)
  Erolcha (D:10)
  6 hydras
  A catoblepas (Lair:6)
  Erica (Lair:1)
  2 alligators (Swamp:1)
  2 centaur warriors
  2 dancing weapons
  A two-headed ogre (D:11)
  An anaconda (Lair:6)
  3 orc high priests (Orc)
  A hell hog (Volcano)
  Sonja (Lair:6)
  Nergalle (D:9)
  A goliath frog (Lair:5)
  A fire crab (Volcano)
  An unseen horror (D:11)
  A cyclops (D:7)
  A lindwurm (Lair:1)
  3 orc knights (Orc)
  A wolf spider (Lair:4)
  A manticore (D:11)
  4 orc sorcerers (Orc)
  3 ugly things
  Joseph (D:8)
  3 elephants (Lair:6)
  A guardian serpent (Lair:6)
  7 black mambas
  A molten gargoyle (Volcano)
  2 torpor snails
  5 gargoyles
  17 cane toads
  A kobold demonologist (D:10)
  A rime drake (Lair:6)
  The ghost of dscm the Slicer, a novice OpAc of Gozag (D:6)
  6 komodo dragons
  A merfolk (D:10)
  3 trolls
  2 slime creatures (D:7)
  5 hornets
  14 blink frogs
  7 dream sheep (Lair:6)
  A polar bear (Lair:4)
  5 hippogriffs
  6 redbacks
  23 yaks
  15 wyverns
  2 hogs (Lair:6)
  11 fire bats (Volcano)
  4 basilisks
  A human (Lair:6)
  2 steam dragons
  2 acid dragons
  8 crocodiles
  A warg (Orc)
  A hell hound (Volcano)
  17 water moccasins
  An ice beast (D:9)
  11 porcupines
  44 orc warriors
  An eye of draining (D:8)
  A phantom (D:11)
  2 sky beasts
  2 black bears
  5 necrophages
  4 ogres
  8 wolves
  7 centaurs
  14 bullfrogs
  4 big kobolds
  A gnoll sergeant (D:7)
  4 scorpions
  13 wights
  4 howler monkeys
  4 electric eels
  27 orc priests
  4 crimson imps
  3 bullfrog zombies
  5 centaur zombies
  7 lava snakes (Volcano)
  8 hounds
  8 jellies
  7 centaur skeletons
  A gnoll shaman (D:6)
  2 iguanas
  7 worker ants
  34 orc wizards
  2 hound skeletons
  10 adders
  8 gnolls
  3 oozes
  2 adder skeletons
  2 worms
  2 dart slugs
  9 leopard geckos
  88 orcs
  5 giant cockroaches
  6 goblins
  14 hobgoblins
  13 jackals
  A ball python (D:3)
  8 bats
  6 frilled lizards
  25 kobolds
  2 quokka skeletons (D:4)
  4 rats
  2 bushes (D:11)
  2 fungi (Lair:6)
  A lurking horror (Lair:1)
681 creatures vanquished.

Vanquished Creatures (others)
  A human (Lair:6)
  A worker ant (D:4)
  31 fungi
  45 plants
  4 toadstools (D:7)
82 creatures vanquished.

Grand Total: 763 creatures vanquished

Notes
Turn   | Place    | Note
-------+----------+-------------------------------------------
     0 | D:1      | Turgor the Fairy Ice Elementalist began the quest for the
                  | Orb.
     0 | D:1      | Reached XP level 1. HP: 11/11 MP: 6/6
   213 | D:1      | Reached skill level 4 in Ice Magic
   213 | D:1      | Reached XP level 2. HP: 17/17 MP: 8/8
   692 | D:1      | Reached XP level 3. HP: 21/21 MP: 10/10
   817 | D:1      | Learned a level 2 spell: Throw Frost
   821 | D:1      | Learned a level 3 spell: Ozocubu's Armour
  1421 | D:2      | Reached XP level 4. HP: 27/27 MP: 12/12
  1426 | D:2      | Learned a level 4 spell: Throw Icicle
  1555 | D:2      | Found a snail-covered altar of Cheibriados.
  1928 | D:2      | Found a sacrificial altar of Ru.
  2302 | D:3      | Reached skill level 5 in Ice Magic
  2444 | D:3      | Reached XP level 5. HP: 31/31 MP: 13/13
  2878 | D:3      | Found a burning altar of Makhleb.
  2980 | D:3      | Found a hazy altar of Hepliaklqana.
  3090 | D:4      | Noticed a sky beast
  3104 | D:4      | Killed a sky beast
  3105 | D:4      | Reached skill level 5 in Spellcasting
  3105 | D:4      | Reached XP level 6. HP: 36/36 MP: 11/15
  3209 | D:4      | Found a hide-covered altar of Uskayaw.
  3243 | D:4      | Reached skill level 6 in Ice Magic
  3283 | D:4      | Found a shimmering altar of Xom.
  3415 | D:4      | Reached XP level 7. HP: 41/41 MP: 10/17
  3470 | D:4      | Found an iron altar of Okawaru.
  3650 | D:4      | Found Team's Magic Scroll Shoppe.
  3657 | D:4      | Bought a scroll of fear for 60 gold pieces
  3657 | D:4      | Bought a scroll of teleportation for 36 gold pieces
  3657 | D:4      | Bought a scroll of amnesia for 42 gold pieces
  3657 | D:4      | Bought a scroll of remove curse for 36 gold pieces
  3657 | D:4      | Bought a scroll of identify for 24 gold pieces
  3926 | D:4      | Found an iron altar of Okawaru.
  3968 | D:5      | Entered Level 5 of the Dungeon
  4038 | D:5      | Found Peany's Assorted Antiques.
  4043 | D:5      | Bought a sapphire potion for 25 gold pieces
  4520 | D:5      | Reached skill level 7 in Ice Magic
  4607 | D:5      | Reached skill level 5 in Dodging
  4607 | D:5      | Reached XP level 8. HP: 46/46 MP: 14/20
  4943 | D:5      | Bought 2 coppery potions for 50 gold pieces
  4956 | D:6      | Found a shadowy altar of Dithmenos.
  5121 | D:6      | Found an ornate altar of the Wu Jian Council.
  5426 | D:6      | Reached skill level 8 in Ice Magic
  5713 | D:6      | Reached XP level 9. HP: 50/51 MP: 21/23
  5742 | D:6      | Reached skill level 5 in Conjurations
  6198 | D:6      | Found a large runed translucent door.
  6198 | D:6      | Found a large runed translucent door.
  6202 | D:6      | Noticed dscm's ghost (novice OpAc)
  6296 | D:7      | Found a corrupted altar of Lugonu.
  6332 | D:7      | Reached skill level 9 in Ice Magic
  6866 | D:7      | Noticed a cyclops
  6869 | D:7      | Killed a cyclops
  6870 | D:7      | Reached skill level 1 in Shields
  6870 | D:7      | Reached skill level 10 in Ice Magic
  6870 | D:7      | Reached XP level 10. HP: 55/56 MP: 9/25
  6951 | D:7      | Found a sparkling altar of Nemelex Xobeh.
  7055 | D:7      | Found a staircase to the Ecumenical Temple.
  7060 | Temple   | Entered the Ecumenical Temple
  7073 | Temple   | Became a worshipper of Sif Muna the Loreminder
  7147 | D:7      | Found a white marble altar of Elyvilon.
  7385 | D:7      | Reached skill level 10 in Spellcasting
  7610 | D:8      | Reached * piety under Sif Muna
  7610 | D:8      | Noticed a centaur warrior
  7650 | D:8      | Killed a centaur warrior
  7651 | D:8      | Identified Sif Muna's Almanac of Congealing Beguiling (Sif
                  | Muna gifted it to you on level 8 of the Dungeon)
  7651 | D:8      | Received a gift from Sif Muna
  7809 | D:8      | Reached skill level 11 in Ice Magic
  8294 | D:8      | Found a staircase to the Lair.
  8296 | D:8      | Noticed Joseph
  8352 | D:8      | Killed Joseph
  8353 | D:8      | Reached XP level 11. HP: 61/61 MP: 13/27
  9037 | Lair:1   | Entered Level 1 of the Lair of Beasts
  9126 | Lair:1   | Found a dark tunnel.
  9126 | Lair:1   | Noticed a lindwurm
  9129 | Lair:1   | Killed a lindwurm
  9194 | Volcano  | Entered a volcano
  9249 | Volcano  | Reached skill level 12 in Ice Magic
  9262 | Volcano  | Reached skill level 5 in Shields
  9287 | Volcano  | Found a burning altar of Makhleb.
  9287 | Volcano  | Noticed a hell hog
  9299 | Volcano  | Reached ** piety under Sif Muna
  9307 | Volcano  | Killed a hell hog
  9308 | Volcano  | Reached skill level 10 in Conjurations
  9366 | Volcano  | Noticed a fire crab
  9382 | Volcano  | Learned a level 1 spell: Sting
  9409 | Volcano  | Killed a fire crab
  9777 | Lair:1   | Reached *** piety under Sif Muna
  9777 | Lair:1   | Identified Sif Muna's Grimoire of Clay and Bewitchment (Sif
                  | Muna gifted it to you on level 1 of the Lair of Beasts)
  9777 | Lair:1   | Received a gift from Sif Muna
  9787 | Lair:1   | Noticed Erica
  9799 | Lair:1   | Killed Erica
  9800 | Lair:1   | Reached skill level 10 in Dodging
  9800 | Lair:1   | Reached XP level 12. HP: 66/66 MP: 3/29
  9838 | Lair:1   | Found a one-way gate to the infinite horrors of the Abyss.
  9891 | Lair:1   | Found a corrupted altar of Lugonu.
 10303 | Lair:1   | Reached skill level 13 in Ice Magic
 10700 | Lair:2   | Noticed a four-headed hydra
 10707 | Lair:2   | Killed a four-headed hydra
 10836 | Lair:2   | Noticed a seven-headed hydra
 10839 | Lair:2   | Killed a seven-headed hydra
 12225 | Lair:3   | Found a staircase to the Swamp.
 12710 | Lair:4   | Found a runed door.
 12820 | Lair:4   | Identified Sif Muna's Tome of Mutagenic Conjuration (Sif
                  | Muna gifted it to you on level 4 of the Lair of Beasts)
 12820 | Lair:4   | Received a gift from Sif Muna
 12820 | Lair:4   | Reached skill level 14 in Ice Magic
 12832 | Lair:4   | Learned a level 6 spell: Bolt of Cold
 13028 | Lair:4   | Reached skill level 1 in Fighting
 13031 | Lair:4   | Learned a level 2 spell: Poisonous Vapours
 13058 | Lair:4   | Noticed a seven-headed hydra
 13062 | Lair:4   | Killed a seven-headed hydra
 13063 | Lair:4   | Reached skill level 1 in Air Magic
 13085 | Lair:4   | Reached XP level 13. HP: 73/73 MP: 28/31
 13175 | Lair:4   | Found a hole to the Spider Nest.
 13600 | Lair:5   | Reached **** piety under Sif Muna
 13703 | Lair:5   | Identified Sif Muna's Catalogue of Lightness (Sif Muna
                  | gifted it to you on level 5 of the Lair of Beasts)
 13703 | Lair:5   | Received a gift from Sif Muna
 13708 | Lair:5   | Learned a level 3 spell: Mephitic Cloud
 13715 | Lair:5   | Learned a level 6 spell: Freezing Cloud
 13721 | Lair:5   | Noticed Rupert
 13729 | Lair:5   | Killed Rupert
 13958 | Lair:5   | Reached skill level 5 in Air Magic
 14216 | Lair:5   | Found a viscous altar of Jiyva.
 14216 | Lair:5   | Found a staircase to the Slime Pits.
 14256 | Lair:5   | Found a blossoming altar of Fedhas.
 14375 | Lair:6   | Entered Level 6 of the Lair of Beasts
 14483 | Lair:6   | Noticed Sonja
 14497 | Lair:6   | Killed Sonja
 14789 | Lair:6   | Noticed Kirke
 14797 | Lair:6   | Received a gift from Sif Muna
 14798 | Lair:6   | Killed Kirke
 14852 | Lair:6   | Learned a level 5 spell: Lightning Bolt
 14871 | Lair:6   | Reached skill level 15 in Ice Magic
 15014 | Lair:6   | Reached XP level 14. HP: 85/85 MP: 27/33
 15164 | Lair:6   | Reached ***** piety under Sif Muna
 15165 | Lair:6   | Identified Sif Muna's Tome of Summoning and Hexes (Sif Muna
                  | gifted it to you on level 6 of the Lair of Beasts)
 15165 | Lair:6   | Received a gift from Sif Muna
 16433 | Lair:4   | Received a gift from Sif Muna
 16609 | D:6      | Killed dscm's ghost
 16839 | D:9      | Noticed Nergalle
 16844 | D:9      | Killed Nergalle
 17113 | D:9      | Reached skill level 10 in Air Magic
 17437 | D:10     | Entered Level 10 of the Dungeon
 17499 | D:10     | Noticed Urug
 17520 | D:10     | Found a roughly hewn altar of Beogh.
 17520 | D:10     | Found a staircase to the Orcish Mines.
 17522 | D:10     | Noticed Erolcha
 17528 | D:10     | Killed Erolcha
 17836 | D:10     | Killed Urug
 18260 | D:10     | Found a hazy altar of Hepliaklqana.
 18514 | D:10     | Identified Sif Muna's Compendium of Excruciating Ignition
                  | (Sif Muna gifted it to you on level 10 of the Dungeon)
 18514 | D:10     | Received a gift from Sif Muna
 18708 | D:11     | Noticed Jorgrun
 18716 | D:11     | Killed Jorgrun
 18717 | D:11     | Reached XP level 15. HP: 90/90 MP: 9/35
 18728 | D:11     | Reached skill level 16 in Ice Magic
 19542 | D:11     | Found a gate to the Vaults.
 19608 | D:11     | Found a blossoming altar of Fedhas.
 19682 | D:11     | Received a gift from Sif Muna
 19960 | Orc      | Entered the Orcish Mines
 20000 | Orc      | Found the +10 large shield of Ignorance {rN+ Int-4}
 20093 | Orc      | Noticed Snorg
 20149 | Orc      | Killed Snorg
 20215 | Orc      | Found a runed door.
 20244 | Orc      | Found Puesiops's General Store.
 20301 | Orc      | Found a staircase to the Elven Halls.
 20474 | Orc      | Found a runed door.
 20919 | Orc      | Reached skill level 15 in Conjurations
 21020 | Orc      | Received a gift from Sif Muna
 21240 | Orc      | Noticed an orc warlord
 21247 | Orc      | Killed an orc warlord
 21248 | Orc      | Reached ****** piety under Sif Muna
 21467 | Orc      | Found Ajyohule's Antique Armour Boutique.
 21468 | Orc      | Found Socwuv's Antique Weapon Shop.
 21470 | Orc      | Found Exomy's General Store.
 21470 | Orc      | Found Xycoaral's Jewellery Boutique.
 21475 | Orc      | Bought an uncursed ring of poison resistance for 360 gold
                  | pieces
 21484 | Orc      | Bought a pair of embroidered gloves for 165 gold pieces
 21770 | Swamp:1  | Entered Level 1 of the Swamp
 21781 | Swamp:1  | Reached skill level 15 in Spellcasting
 21789 | Swamp:1  | Slain by an alligator

Skill      XL: |  1  2  3  4  5  6  7  8  9 10 11 12 13 14 15 |
---------------+----------------------------------------------+-----
Spellcasting   | 3 4 5 6 8 9 10 11 12 13 14 15 | 15.0
Ice Magic      | 4 5 6 7 8 10 11 12 14 15 16 | 16.6
Dodging        | 3 4 5 6 7 8 10 11 | 11.0
Stealth        | 2 |  2.0
Conjurations   | 2 3 4 6 8 10 12 13 14 15 | 15.2
Shields        | 1 4 5 |  5.0
Fighting       | 1 4 |  4.0
Air Magic      | 1 7 10 11 | 11.9

Action                   |  1- 3 |  4- 6 |  7- 9 | 10-12 | 13-15 || total
-------------------------+-------+-------+-------+-------+-------++-------
Melee: Dagger            |       |    27 |    74 |     5 |    17 ||   123
 Fire: Hunting sling     |       |       |     2 |       |       ||     2
       Blowgun           |       |       |       |       |     3 ||     3
 Cast: Freeze            |    51 |    49 |    28 |    84 |   152 ||   364
       Throw Frost       |       |    52 |   114 |   122 |   131 ||   419
       Ozocubu's Armour  |       |     2 |     4 |     3 |     3 ||    12
       Throw Icicle      |       |       |    56 |   190 |   415 ||   661
       Sting             |       |       |       |     3 |     5 ||     8
       Bolt of Cold      |       |       |       |     4 |    10 ||    14
       Poisonous Vapours |       |       |       |       |    45 ||    45
       Freezing Cloud    |       |       |       |       |    46 ||    46
       Lightning Bolt    |       |       |       |       |    25 ||    25
Evoke: Wand              |       |     2 |       |     1 |     2 ||     5
  Use: Scroll            |     1 |     2 |     4 |     9 |     9 ||    25
       Potion            |       |       |       |     3 |       ||     3
  Eat: Chunk             |     1 |     8 |    30 |    24 |    28 ||    91
       Ration            |       |       |       |       |     2 ||     2
Armor: Skin              |     6 |    14 |     7 |    13 |    15 ||    55
Dodge: Dodged            |    21 |    49 |   104 |    52 |   126 ||   352
Block: Other             |     7 |    15 |    22 |       |       ||    44
       Buckler           |       |       |     1 |    63 |   154 ||   218
